 Dungeon Crawl Stone Soup version 0.31-a0-319-g4fced400ed (webtiles) character file.

Game seed: 3889014325971464649

81 mopl the Changeling (level 4, -12/28 (30) HPs)
             Began as an Octopode Shapeshifter on July 18, 2023.
             Mangled by Crazy Yiuf
             ... wielding a +2 quarterstaff of chaos
              (14 damage)
             ... on level 2 of the Dungeon.
             The game lasted 00:01:29 (1343 turns).

mopl the Changeling (Octopode Shapeshifter)         Turns: 1343, Time: 00:01:29

HP:   -12/28 (30)   AC:  1    Str: 14    XL:     4   Next: 40%
MP:   4/4           EV: 13    Int: 10    God:
Gold: 95            SH:  0    Dex: 14    Spells: 3/3 levels left

rFire   . .          .
                       - Unarmed
rCold   . . .        (no shield)
rNeg    . . .        (helmet currently unavailable)
rPois   .            (no amulet)
rElec   .            (no ring)
rCorr   .            (no ring)
SInv    .            (no ring)
Will    .....        (no ring)
Stlth   ++           (no ring)
HPRegen 0.24/turn    (no ring)
MPRegen 0.09/turn    (no ring)
                     (no ring)

%: no passive effects
@: beast-form, drained
A: beast (slay +2), almost no armour, amphibious, 8 rings, camouflage 1,
gelatinous body 1, (nimble swimmer 1), tentacles
a: Begin Untransformation


You were on level 2 of the Dungeon.
You were a hulking beast.
You visited 1 branch of the dungeon, and saw 2 of its levels.

You collected 95 gold pieces.

Inventory:

Missiles
 d - 3 poisoned darts (quivered)
Talismans
 b - a beast talisman
Scrolls
 h - a scroll of acquirement {unknown}
 i - a scroll of amnesia {unknown}
 j - a scroll of identify {unknown}
Potions
 a - 2 potions of lignification {!q}
 c - a potion of magic {unknown}
 e - a potion of mutation {unknown}
 f - a potion of resistance {unknown}
 g - a potion of curing {unknown}


   Skills:
 + Level 2.6 Fighting
 + Level 2.4 Dodging
 * Level 3.0 Unarmed Combat
 * Level 3.6 Shapeshifting


You had 3 spell levels left.
You didn't know any spells.
Your spell library contained the following spells:

 Spells                   Type           Power      Damage    Failure   Level
 Simulacrum               Ice/Necr       0%         N/A       100%        6
 Ozocubu's Refrigeration  Ice            0%         4d7       100%        7
 Polar Vortex             Ice            0%         N/A       100%        9


Dungeon Overview and Level Annotations

Branches:
Dungeon (2/15)

Altars:

Shops:
D:2 :[(:(

Annotations:
D:2 Crazy Yiuf


Innate Abilities, Weirdness & Mutations

You are a hulking beast.
Your limbs bulge with bestial killing power. (Slay +2)
You cannot wear most types of armour.
You are amphibious.
You can wear up to eight rings at the same time.
Your skin changes colour to match your surroundings (Stealth+).
Your rubbery body absorbs attacks. (AC +1, EV +1)
((You are camouflaged when in or above water. (Stealth+)))
You have tentacles for arms and can constrict up to eight enemies at once.


Message History

You see here an adder corpse.
You see here a bat corpse.
Found a stone staircase leading down.
You now have 80 gold pieces (gained 10).
There is a stone staircase leading down here.
You now have 89 gold pieces (gained 9).
Found 5 stones.
You see here 5 stones.
You see here 5 stones.
You now have 95 gold pieces (gained 6).
There is an entrance to Bydotrinn's Antique Weapon Shoppe here.
You see here a +0 short sword.
Found a hammer.
Found a runed translucent door.
You open the door. You tentacle-slap Crazy Yiuf. You grab Crazy Yiuf.
Crazy Yiuf is moderately wounded.
You constrict Crazy Yiuf. Crazy Yiuf barely misses you.
You tentacle-slap Crazy Yiuf but do no damage.
Crazy Yiuf is moderately wounded.
You constrict Crazy Yiuf, but do no damage.
Crazy Yiuf hits you with a +2 quarterstaff of chaos!
You feel drained.
You tentacle-slap Crazy Yiuf.
Crazy Yiuf is heavily wounded.
You constrict Crazy Yiuf. Crazy Yiuf closely misses you.
You tentacle-slap Crazy Yiuf.
Crazy Yiuf is heavily wounded.
You constrict Crazy Yiuf. Crazy Yiuf barely misses you.
You tentacle-slap Crazy Yiuf but do no damage.
Crazy Yiuf is severely wounded.
You constrict Crazy Yiuf.
Crazy Yiuf hits you with a +2 quarterstaff of chaos!
You are electrocuted!
* * * LOW HITPOINT WARNING * * *
You tentacle-slap Crazy Yiuf.
Crazy Yiuf is almost dead.
You constrict Crazy Yiuf.
Crazy Yiuf hits you with a +2 quarterstaff of chaos!
Ouch! That really hurt!
You die...

..........∩.#...#
##...#
#####.####....###
###.# #.# ###.##
#.# #.# ### #.#
#.# #.# .....†#
♣♣♣♣♣##.##
#####.# ###
♣♣♣.♣......# #..
#...#♣..♣.......#
###
#...gh♣♣♣♣......#
#)..#♣♣ ♣♣....##
### ♣♣####


You could see Crazy Yiuf.

Vanquished Creatures
  2 gnolls
  3 adders (D:2)
  2 endoplasms (D:1)
  2 giant cockroaches
  A goblin (D:1)
  A hobgoblin (D:2)
  2 jackals (D:2)
  3 kobolds
  8 bats
  9 frilled lizards (D:1)
  7 rats
40 creatures vanquished.

Notes
Turn   | Place    | Note
-------+----------+-------------------------------------------
     0 | D:1      | mopl the Octopode Shapeshifter began the quest for the Orb.
     0 | D:1      | Reached XP level 1. HP: 14/14 MP: 1/1
    56 | D:1      | Reached XP level 2. HP: 16/19 MP: 2/2
   213 | D:1      | Found a faded altar of an unknown god.
   278 | D:1      | Reached XP level 3. HP: 13/25 MP: 3/3
   792 | D:2      | Found Alaal's Antique Weapon Emporium.
   856 | D:2      | Found Inapon's Book Boutique.
  1037 | D:2      | Found Astreb Fei's Armour Shoppe.
  1081 | D:2      | Reached XP level 4. HP: 21/30 MP: 4/4
  1086 | D:2      | Found Taushaliuq's Book Boutique.
  1111 | D:2      | Found Bydotrinn's Antique Weapon Shoppe.
  1197 | D:2      | Reached skill level 3 in Unarmed Combat
  1333 | D:2      | Found a runed translucent door.
  1334 | D:2      | Noticed Crazy Yiuf
  1342 | D:2      | HP: 1/28 [Crazy Yiuf/+2 quarterstaff of chaos (8)]
  1343 | D:2      | Mangled by Crazy Yiuf

Illustrated notes

Levels and vault maps discovered:
D:1:      lemuel_arrival_rhombus, layout_basic,
          hellmonk_ecumenical_altar_crossroads, minmay_lizard_pond
D:2:      layout_loops_ring, serial_shops, shop, shop,
          nicolae_shop_just_a_little_nook, nicolae_shop_stone,
          nicolae_shop_competitors_out_of_business, uniq_crazy_yiuf_cottage

Skill      XL: |  1  2  3  4 |
---------------+-------------+-----
Unarmed Combat | 3 |  3.0
Fighting       | |  2.6
Dodging        | |  2.4
Shapeshifting  | |  3.6

Action                     |  1- 3 |  4- 6 || total
---------------------------+-------+-------++-------
  Melee: Unarmed           |    62 |    13 ||    75
         Tentacles         |    11 |     2 ||    13
         Constrict         |    16 |     3 ||    19
         Punch             |     1 |       ||     1
   Stab: Sleeping          |     3 |     3 ||     6
 Armour: Skin              |     4 |     1 ||     5
  Dodge: Dodged            |    31 |     5 ||    36

Table legend: (Time is in decaauts)
 A = Elapsed time spent in this place.
 B = Non-inter-level travel time spent in this place.
 C = Inter-level travel time spent in this place.
 D = Time resting spent in this place.
 E = Time spent auto-exploring this place.
 F = Levels seen in this place.
 G = Mean time per level.
                   A        B        C        D        E       F      G
               +--------+--------+--------+--------+--------+-----+--------+
         Total |   1338 |   1282 |     56 |     68 |    995 |   2 |  669.0 |
       Dungeon |   1338 |   1282 |     56 |     68 |    995 |   2 |  669.0 |
               +--------+--------+--------+--------+--------+-----+--------+

Top non-repeatable levels by time:
     D:1: 779 daAuts
     D:2: 558 daAuts
